 Dungeon Crawl Stone Soup version 0.27-a0-1438-g9b7c6745da (webtiles) character file.

Game seed: 10683120104842740713

14416 AarnesTheHuman the Fighter (level 12, -19/103 HPs)
             Began as a Barachi Fighter on July 4, 2021.
             Was a Believer of Cheibriados.
             Killed from afar by a tengu reaver (24 damage)
             ... with a bolt of cold
             ... on level 11 of the Dungeon.
             The game lasted 00:36:52 (14778 turns).

AarnesTheHuman the Fighter (Barachi Fighter)       Turns: 14778, Time: 00:36:52

Health: -19/103    AC: 29    Str: 27    XL:     12   Next: 16%
Magic:  14/14      EV:  5    Int: 19    God:    Cheibriados [**....]
Gold:   709        SH: 14    Dex: 18    Spells: 11/11 levels left

rFire    + . .     SeeInvis .   b - +5 dagger (venom)
rCold    + . .     Faith    .   c - +0 kite shield
rNeg     . . .     Spirit   .   g - +0 crystal plate armour
rPois    +         Reflect  .   q - +1 helmet of Slovenliness {Int+6 Slay+3}
rElec    +         Harm     .   (no cloak)
rCorr    +         Rampage  .   x - +0 pair of gloves
Will     .....                  (no boots)
Stlth    ..........             (no amulet)
HPRegen  0.27/turn              n - +4 ring of protection
MPRegen  0.14/turn              i - +4 ring of slaying

@: resistant, very slow
A: amphibious, slowness 1, strong legs 1, +LOS
a: Hop, Renounce Religion, Bend Time


You were on level 11 of the Dungeon.
You worshipped Cheibriados.
Cheibriados was pleased with you.
You visited 2 branches of the dungeon, and saw 12 of its levels.

You collected 709 gold pieces.

Inventory:

Hand Weapons
 a - a +2 hand crossbow of flaming
 b - a +5 dagger of venom (weapon)
 I - a +0 long sword of freezing
Missiles
 m - 13 boomerangs
 p - 55 poisoned darts (quivered)
 r - 5 curare-tipped darts
 H - a throwing net
 J - 99 bolts
Armour
 c - a +0 kite shield (worn)
 e - a +1 hat
 f - the +0 hat of Parts Unknown {rPois}
   (You acquired it on level 6 of the Dungeon)

   rPois:     It protects you from poison.
 g - a +0 crystal plate armour (worn)
 l - a +0 scale mail
 q - the +1 helmet of Slovenliness (worn) {Int+6 Slay+3}
   (You found it on level 10 of the Dungeon)

   Int:       It affects your intelligence (+6).
   Slay:      It affects your accuracy & damage with ranged weapons and melee
   (+3).
 x - a +0 pair of gloves (worn)
Jewellery
 i - a +4 ring of slaying (right hand)
 n - a +4 ring of protection (left hand)
 s - a ring of ice
 v - a ring of wizardry
 y - a ring of protection from fire
Wands
 h - a wand of mindburst (33)
 B - a wand of polymorph (4)
 C - a wand of iceblast (17)
 D - a wand of paralysis (12)
Scrolls
 k - 2 scrolls of immolation
 o - 2 scrolls of brand weapon
 z - a scroll of magic mapping
 E - a scroll of silence {unknown}
 F - a scroll of fear {unknown}
 K - a scroll of enchant weapon
 L - a scroll of identify
Potions
 d - 2 potions of might
 j - 4 potions of curing
 u - 2 potions of magic
 w - 3 potions of lignification
 A - a potion of mutation
 G - 2 potions of attraction


   Skills:
 + Level 12.6 Fighting
 - Level 3.2 Long Blades
 * Level 6.8 Crossbows
 - Level 11.7 Armour
 + Level 11.6 Shields
 + Level 3.7 Invocations


You had 11 spell levels left.
You didn't know any spells.
Your spell library contained the following spells:

 Spells                   Type           Power      Damage    Failure   Level
 Blink                    Tloc           N/A        N/A       100%        2
 Ensorcelled Hibernation  Hex/Ice        0%         N/A       100%        2
 Gell's Gravitas          Tloc           0%         N/A       100%        3
 Lesser Beckoning         Tloc           0%         N/A       100%        3
 Portal Projectile        Hex/Tloc       0%         N/A       100%        3
 Spider Form              Tmut/Pois      0%         N/A       100%        3
 Stone Arrow              Conj/Erth      0%         3d7       100%        3
 Teleport Other           Tloc           0%         N/A       100%        3
 Animate Armour           Summ/Erth      0%         N/A       100%        4
 Blade Hands              Tmut           0%         N/A       100%        5
 Bolt of Magma            Conj/Fire/Erth 0%         4d4       100%        5
 Excruciating Wounds      Necr           0%         N/A       100%        5
 Manifold Assault         Tloc           0%         N/A       100%        5
 Summon Forest            Summ/Tloc      0%         N/A       100%        5
 Summon Mana Viper        Hex/Summ       0%         N/A       100%        5
 Iron Shot                Conj/Erth      0%         9d1       100%        6
 Shadow Creatures         Summ           N/A        N/A       100%        6
 Shatter                  Erth           0%         3d5*      100%        9


Dungeon Overview and Level Annotations

Branches:
Dungeon (11/15)            Temple (1/1) D:7            Lair (0/6) D:10
    Orc (0/2) D:9

Altars:
Ashenzari
Cheibriados
Dithmenos
Elyvilon
Fedhas
Gozag
Hepliaklqana
Kikubaaqudgha
Makhleb
Nemelex Xobeh
Okawaru
Qazlal
Ru
Sif Muna
Trog
Uskayaw
Vehumet
Wu Jian
Xom
Yredelemnul
Zin
The Shining One

Shops:
D:2 *   D:3 :

Annotations:
D:3 1 runed translucent door, exclusion: door, Crazy Yiuf
D:6 3 runed translucent doors, exclusion: downstairs, hemabe71's ghost, amateur HuAr
D:9 2 transporters, twist's ghost, journeyman DjIE


Innate Abilities, Weirdness & Mutations

You are amphibious.
You cover ground slowly.
You can hop short distances.
You have an extended range of vision and can be seen from far away.


Message History

You shoot a bolt. The bolt hits the tengu reaver!
The bolt burns the tengu reaver.
The tengu reaver is lightly wounded.
The tengu reaver points at you and mumbles some strange words.
The bolt of poison hits you!
You are poisoned.
You shoot a bolt.
The bolt barely misses the tengu reaver.
You feel very sick.
The tengu reaver gestures at you while chanting.
The bolt of poison hits you!!
You are more poisoned.
You shoot a bolt. The bolt hits the tengu reaver!!
The bolt burns the tengu reaver.
The tengu reaver is moderately wounded.
You feel extremely sick. The tengu reaver casts a spell at you.
The bolt of fire hits you!!
* * * LOW HITPOINT WARNING * * *
Okay, then.
You feel protected.
* * * LOW HITPOINT WARNING * * *
You feel very sick. The tengu reaver casts a spell at you.
The bolt of lightning hits you. You resist.
* * * LOW HITPOINT WARNING * * *
You feel better.
Your +2 hand crossbow of flaming stops flaming.
Your +5 dagger of venom begins to drip with poison!
b - a +5 dagger of venom (weapon)
The tengu reaver gestures at you while chanting.
The bolt of acid hits you! You resist.
* * * LOW HITPOINT WARNING * * *
You are splashed with acid.
You resist.
* * * LOW HITPOINT WARNING * * *
You closely miss the tengu reaver.
The tengu reaver is moderately wounded.
The tengu reaver points at you and mumbles some strange words.
The bolt of cold hits you!! You resist.
You die...

######....##.########..#
#.....................##
..####....##.##########
...###....##.##...#
##..####.....##...#
##..#######..#...#
####..# #......# #.....#
#.#....# ..#####
##....@.# #####
#..##.Q[# .....#
###..##..(#
####...##....##...(. #
#.......##...#... .#
####.#...#.###..<. ..##
#.##..#.# ... #..####
#.##..... ...
#....###†#.....# ##.


You could see a tengu reaver.

Vanquished Creatures
  Gastronok (D:9)
  Erica (D:7)
  2 two-headed ogres
  A deep troll earth mage (D:11)
  Pikel (D:4)
  A cyclops (D:7)
  A gargoyle (D:11)
  A komodo dragon (D:10)
  Maggie (D:7)
  2 trolls
  2 hornets
  Grinder (D:6)
  A vampire (D:9)
  A wyvern (D:8)
  2 wraiths
  12 yaks
  Eustachio (D:5)
  3 steam dragons
  Grum (D:9)
  Edmund (D:4)
  2 water moccasins
  A sky beast (D:7)
  An ice beast (D:6)
  4 orc warriors
  2 ogres
  8 wolves
  3 centaurs
  A boggart (D:11)
  A lemure (D:4)
  A phantom (D:4)
  2 kobold brigands (D:10)
  3 bullfrogs
  2 gnoll sergeants (D:8)
  3 scorpions
  A wyvern skeleton (D:4)
  2 water moccasin skeletons
  6 killer bees
  7 wights
  2 howler monkeys
  4 electric eels (D:10)
  5 centaur zombies
  A bullfrog zombie (D:5)
  2 orc priests (D:9)
  4 hounds
  A jelly (D:6)
  A gnoll shaman (D:9)
  6 orc wizards
  Robin (D:2)
  15 gnolls
  5 adders
  A shadow imp (D:7)
  2 white imps
  An ufetubus (D:4)
  3 worms
  4 dart slugs
  20 orcs
  7 ball pythons
  5 endoplasms
  4 giant cockroaches
  15 goblins
  6 hobgoblins
  10 jackals
  4 quokkas
  A frilled lizard (D:3)
  17 kobolds
  2 rats
236 creatures vanquished.

Notes
Turn   | Place    | Note
-------+----------+-------------------------------------------
     0 | D:1      | AarnesTheHuman the Barachi Fighter began the quest for the
                  | Orb.
     0 | D:1      | Reached XP level 1. HP: 18/18 MP: 1/1
   154 | D:1      | Found a faded altar of an unknown god.
   257 | D:1      | Reached XP level 2. HP: 25/25 MP: 2/2
   995 | D:2      | Reached skill level 4 in Fighting
  1125 | D:2      | Reached XP level 3. HP: 30/30 MP: 3/3
  1134 | D:2      | Noticed Robin
  1148 | D:2      | Killed Robin
  1181 | D:2      | Reached XP level 4. HP: 32/37 MP: 4/4
  1749 | D:2      | Found Samub's Assorted Antiques.
  1981 | D:3      | Noticed a scorpion
  1990 | D:3      | Killed a scorpion
  1991 | D:3      | Reached XP level 5. HP: 43/43 MP: 5/5
  1994 | D:3      | Found a basalt altar of Yredelemnul.
  1997 | D:3      | Found a glowing golden altar of the Shining One.
  1998 | D:3      | Noticed an angel
  2308 | D:3      | Found Decosh's Book Boutique.
  2443 | D:3      | Found a runed translucent door.
  2444 | D:3      | Noticed Crazy Yiuf
  2591 | D:3      | Reached skill level 5 in Armour
  2866 | D:3      | Reached skill level 5 in Fighting
  3138 | D:3      | Noticed a profane servitor
  3342 | D:4      | Reached XP level 6. HP: 29/51 MP: 6/6
  3583 | D:3      | Reached skill level 5 in Shields
  3749 | D:4      | Noticed Edmund
  3790 | D:4      | Killed Edmund
  3791 | D:4      | Reached skill level 6 in Fighting
  3791 | D:4      | Reached XP level 7. HP: 44/58 MP: 7/7
  4105 | D:5      | Entered Level 5 of the Dungeon
  4129 | D:5      | Noticed Eustachio
  4146 | D:5      | Killed Eustachio
  4223 | D:5      | Reached skill level 7 in Fighting
  4223 | D:5      | Reached XP level 8. HP: 67/67 MP: 8/8
  4227 | D:5      | Found a blossoming altar of Fedhas.
  4228 | D:5      | Noticed Pikel
  4276 | D:4      | Killed Pikel
  5012 | D:6      | Identified 2 scrolls of acquirement
  5012 | D:6      | Acquired the +0 hat of Parts Unknown {rPois}
  5238 | D:6      | Reached skill level 8 in Fighting
  5455 | D:6      | Found a runed translucent gate.
  5455 | D:6      | Found a runed translucent gate.
  5455 | D:6      | Found a runed translucent gate.
  5458 | D:6      | Noticed hemabe71's ghost (amateur HuAr)
  5639 | D:6      | Reached XP level 9. HP: 75/75 MP: 9/9
  5802 | D:6      | Noticed Grinder
  5816 | D:6      | Paralysed by Grinder for 5 turns
  5827 | D:6      | Killed Grinder
  6293 | D:6      | Reached skill level 9 in Fighting
  6341 | D:7      | Noticed a cyclops
  6709 | D:7      | Noticed Maggie
  6723 | D:7      | Killed Maggie
  6907 | D:7      | Found a staircase to the Ecumenical Temple.
  6918 | Temple   | Entered the Ecumenical Temple
  7252 | D:7      | Killed a cyclops
  7253 | D:7      | Reached skill level 10 in Fighting
  7253 | D:7      | Reached skill level 10 in Armour
  7447 | D:7      | Reached XP level 10. HP: 84/85 MP: 10/10
  7810 | D:8      | Noticed Erica
  7833 | D:7      | Killed Erica
  8104 | D:8      | Reached skill level 10 in Shields
  8122 | D:8      | Reached skill level 11 in Fighting
  9018 | D:8      | Found a glowing silver altar of Zin.
  9021 | D:8      | Found an ancient bone altar of Kikubaaqudgha.
  9024 | D:8      | Found a snail-covered altar of Cheibriados.
  9030 | D:8      | Became a worshipper of Cheibriados the Contemplative
 10271 | D:9      | Noticed Grum
 10294 | D:8      | Reached skill level 1 in Crossbows
 10304 | D:8      | Reached XP level 11. HP: 53/93 MP: 11/11
 10623 | D:9      | Noticed a two-headed ogre
 10649 | D:9      | Killed a two-headed ogre
 10883 | D:9      | Found a transporter.
 10883 | D:9      | Noticed twist's ghost (journeyman DjIE)
 10927 | D:9      | Killed Grum
 10948 | D:9      | Reached * piety under Cheibriados
 11162 | D:8      | Acquired a +4 ring of slaying
 11210 | D:9      | Reached skill level 1 in Invocations
 11315 | D:9      | Found a shimmering altar of Xom.
 11490 | D:9      | Noticed Gastronok
 11531 | D:9      | Killed Gastronok
 11532 | D:9      | Reached skill level 12 in Fighting
 11627 | D:9      | Found a staircase to the Orcish Mines.
 11885 | D:9      | Found a transporter.
 11914 | D:9      | Reached skill level 5 in Crossbows
 12722 | D:10     | Entered Level 10 of the Dungeon
 12785 | D:10     | Identified the +1 helmet of Slovenliness {Int+6 Slay+3}
 13023 | D:10     | Reached ** piety under Cheibriados
 13029 | D:10     | Noticed a two-headed ogre
 13047 | D:10     | Killed a two-headed ogre
 13092 | D:10     | Identified the +4 ring mail of Apathy {rElec Regen+}
 13115 | D:10     | Found a staircase to the Lair.
 13369 | D:10     | Found an iron altar of Okawaru.
 13370 | D:10     | Found a radiant altar of Vehumet.
 14005 | D:11     | Reached XP level 12. HP: 56/103 MP: 14/14
 14355 | D:11     | Noticed a two-headed ogre
 14360 | D:11     | Noticed a deep troll earth mage
 14361 | D:11     | Noticed a tengu reaver
 14373 | D:11     | Killed a deep troll earth mage
 14777 | D:11     | HP: 5/103 [acid (6)]
 14778 | D:11     | Killed from afar by a tengu reaver

Illustrated notes

Levels and vault maps discovered:
D:1:      dpeg_arrival_simpleton_a, layout_basic,
          hellmonk_ecumenical_altar_inner_sanctum
D:2:      layout_basic, serial_shops, shop, minmay_pentomino_t2, uniq_robin
D:3:      layout_basic, grunt_temple_overflow_holy_war, serial_shops,
          shop_coins, uniq_crazy_yiuf_cottage
D:4:      layout_rooms, uniq_edmund
D:5:      layout_cave_pools, fedhas_altar_1, minmay_misc_feat_hallway,
          uniq_eustachio, uniq_pikel
D:6:      layout_loops_corners, ebering_ghost_rock_garden, minmay_fountain_box,
          hex_large, uniq_grinder
D:7:      layout_rooms, temple_statues, grunt_ministairs_1, uniq_maggie
D:8:      layout_layer_cave, grunt_temple_overflow_diamond,
          minmay_misc_feat_cross, uniq_erica
D:9:      layout_layer_cave, xom_teletrap_fun, orc_0_dummy,
          gammafunk_ghost_arena, chequers_serial_rivers_marsh,
          nzn_life_drinkers, uniq_grum, uniq_gastronok
D:10:     layout_stronghold, gammafunk_temple_overflow_statue, erik_lair_island,
          serial_column_ruins, column_ruins_pillar_9, kennysheep_generic_room_14
D:11:     minmay_mutant_horseshoe, layout_rooms
Temple:   nicolae_temple_figure_eight

Skill      XL: |  1  2  3  4  5  6  7  8  9 10 11 |
---------------+----------------------------------+-----
Armour         | 4 5 6 8 10 11 | 11.7
Fighting       | 4 5 6 7 8 10 11 12 | 12.6
Long Blades    | 3 |  3.2
Shields        | 4 5 6 7 9 10 11 | 11.6
Crossbows      | 1 6 |  6.8
Invocations    | 3 |  3.7

Action                   |  1- 3 |  4- 6 |  7- 9 | 10-12 || total
-------------------------+-------+-------+-------+-------++-------
Melee: Long sword        |   104 |     9 |       |       ||   113
       Dagger            |       |   153 |   284 |   451 ||   888
 Fire: Hand crossbow     |       |       |       |   118 ||   118
Throw: Dart              |       |       |    35 |     2 ||    37
Invok: Bend Time         |       |       |       |     2 ||     2
 Abil: Hop               |       |     1 |       |     2 ||     3
  Use: Scroll            |       |     6 |     6 |     5 ||    17
       Potion            |       |       |       |     4 ||     4
Armor: Scale mail        |     3 |       |       |       ||     3
       Crystal plate arm |    70 |   107 |   228 |   352 ||   757
       Skin              |       |       |     1 |       ||     1
Dodge: Dodged            |     8 |     4 |    20 |    83 ||   115
Block: Kite shield       |    51 |    80 |   150 |   362 ||   643
       Rpst.: Long sword |     1 |       |       |       ||     1

Table legend: (Time is in decaauts)
 A = Elapsed time spent in this place.
 B = Non-inter-level travel time spent in this place.
 C = Inter-level travel time spent in this place.
 D = Time resting spent in this place.
 E = Time spent auto-exploring this place.
 F = Levels seen in this place.
 G = Mean time per level.
                   A        B        C        D        E       F      G
               +--------+--------+--------+--------+--------+-----+--------+
         Total |  18203 |  16923 |   1280 |   3168 |  10559 |  12 | 1516.9 |
       Dungeon |  17940 |  16670 |   1270 |   3168 |  10318 |  11 | 1630.9 |
        Temple |    262 |    253 |      9 |      0 |    240 |   1 |  262.0 |
               +--------+--------+--------+--------+--------+-----+--------+

Top non-repeatable levels by time:
     D:8: 2916 daAuts
     D:9: 2778 daAuts
    D:10: 2199 daAuts
     D:6: 2019 daAuts
     D:3: 1622 daAuts
     D:7: 1437 daAuts
     D:4: 1206 daAuts
     D:2: 1195 daAuts
     D:1: 1099 daAuts
     D:5: 786 daAuts
    D:11: 680 daAuts
  Temple: 262 daAuts
